cohdb
Replays
Latest Replays
All Replays
Popular Replays
Top Player Replays
Match Explorer
How It Works
Community
CoH3 Stats
Reddit
Sign in to upload your games and track your stats! →
Sign in with Steam
Match 36264665
Unlisted
Match 36264665
Overview
Messages
Build Orders
End
Vickers Machine Gun Team
Construct Section Command Post
Infantry Section
Infantry Section
Infantry Section
Construct Field Infirmary
Construct Platoon Command Post
Humber Armored Car
Construct Company Command Post
6-pounder Anti-tank Gun Team
Crusader II Medium Tank
Royal Engineer Section
Selects Air and Sea Battlegroup
Selects Commando Section Paradrop
Selects Commando Support Section Paradrop
Selects Anti-tank Rocket Loiter
Unlock M3 Grant Medium Tanks
Anti-tank Rocket Loiter
M3 Grant Medium Tank
Selects Supply Surplus
Construct Resource Cache
Construct Resource Cache
M3 Grant Medium Tank
Bego
Pat216
deadsadbadmad
Alessandro-9891
0
0
Comments
sign in to comment!
No comments posted yet!